 Dungeon Crawl Stone Soup version 0.28-a0-1506-g3893175d92 (webtiles) character file.

Game seed: 6254686820522479822

17 HallandMoats the Skirmisher (level 2, 0/26 HPs)
             Began as a Ghoul Fighter on Jan 14, 2022.
             Slain by a worm (8 damage)
             ... on level 2 of the Dungeon.
             The game lasted 00:00:44 (651 turns).

HallandMoats the Skirmisher (Ghoul Fighter)          Turns: 651, Time: 00:00:45

Health: 0/26       AC:  6    Str: 19    XL:     2   Next: 62%
Magic:  1/1        EV:  9    Int:  3    God:
Gold:   2          SH:  4    Dex:  8    Spells: 1/1 levels left

rFire   . . .      SeeInvis .   a - +0 war axe
rCold   + . .      Faith    .   c - +0 buckler
rNeg    + + +      Spirit   .   b - +0 scale mail
rPois   ∞          Reflect  .   (no helmet)
rElec   .          Harm     .   (no cloak)
rCorr   .          Rampage  .   (no gloves)
Will    .....                   (no boots)
Stlth   ..........              (no amulet)
HPRegen 0.00/turn               (no ring)
MPRegen 0.07/turn               (no ring)

@: inhibited regen
A: claws 1, cold resistance 1, negative energy resistance 3, inhibited
regeneration, torment resistance 2
a: no special abilities


You were on level 2 of the Dungeon.
You visited 1 branch of the dungeon, and saw 2 of its levels.

You collected 2 gold pieces.

Inventory:

Hand Weapons
 a - a +0 war axe (weapon)
Armour
 b - a +0 scale mail (worn)
 c - a +0 buckler (worn)
 j - a +0 pair of gloves
Jewellery
 g - a ring of resist corrosion
Scrolls
 f - a scroll of blinking {unknown}
Potions
 d - a potion of might
 e - a potion of magic {unknown}
 h - a potion of haste {unknown}
 i - a potion of berserk rage {unknown}


   Skills:
 * Level 3.5 Fighting
 * Level 2.1 Axes
 + Level 2.8 Armour
 + Level 0.3 Dodging
 * Level 2.9 Shields


You had one spell level left.
You didn't know any spells.
Your spell library contained the following spells:

 Spells                   Type           Power      Damage    Failure   Level
 Magic Dart               Conj           0%         1d3       94%         1
 Call Imp                 Summ           0%         N/A       98%         2
 Mephitic Cloud           Conj/Pois/Air  0%         N/A       100%        3


Dungeon Overview and Level Annotations

Branches:
Dungeon (2/15)

Altars:


Innate Abilities, Weirdness & Mutations

You thrive by killing the living.
You are immune to poison.
You have sharp fingernails.
Your flesh is cold resistant. (rC+)
You are immune to negative energy. (rN+++)
You do not regenerate when monsters are visible.
You are immune to unholy pain and torment.


Message History

No target in view!
No target in view!
No target in view!
Found a leather armour.
You see here a +0 leather armour.
i - an amethyst potion As you open the door, it creaks loudly!
Found a faded altar of an unknown god.
No reachable target in view!
There is an open door here.
There is an open door here.
Done exploring.
Done exploring.
Done exploring.
Done exploring.
(D) Dungeon
Where to? (? - help)
What level of the Dungeon? (default 1, ? - help)
There is a stone staircase leading down here.
You climb downwards.
Found 16 gold pieces and a pair of gloves.
There is a stone staircase leading up here.
A worm comes into view.
You see here a +0 pair of gloves.
j - a +0 pair of gloves
There are no items here.
Found a short glowing staff.
The worm barely misses you.
You barely miss the worm. The worm bites you!
You slash the worm!
The worm is heavily wounded.
The worm bites you.
You hit the worm.
The worm is heavily wounded.
The worm bites you.
You barely miss the worm.
The worm is heavily wounded.
You barely miss the worm.
The worm is heavily wounded.
The worm bites you!
You die...

....#### #......#
......+ #.....##
#......####.
####...........
...........######..
......w@...<.......
|....$.$....##.###.
............#
............#
...............#
....#+########.#
.... # ###


You could see a worm.

Vanquished Creatures
  4 ball pythons (D:1)
  3 endoplasms (D:1)
  2 goblins (D:1)
  A hobgoblin (D:1)
  A bat (D:1)
  A frilled lizard (D:1)
  2 kobolds (D:1)
  2 rats (D:1)
16 creatures vanquished.

Notes
Turn   | Place    | Note
-------+----------+-------------------------------------------
     0 | D:1      | HallandMoats the Ghoul Fighter began the quest for the Orb.
     0 | D:1      | Reached XP level 1. HP: 19/19 MP: 0/0
   140 | D:1      | Reached XP level 2. HP: 26/26 MP: 1/1
   594 | D:1      | Found a faded altar of an unknown god.
   651 | D:2      | Slain by a worm

Illustrated notes

Levels and vault maps discovered:
D:1:      saegor_arrival_simple_b, layout_loops_ring,
          dreamdust_ecumenical_altar_sealed_demon, minmay_pentomino_z2
D:2:      kennysheep_the_goblin_king, layout_basic, solitary_fountain,
          minmay_joined_circles, uniq_jessica

Skill      XL: |  1 |
---------------+----+-----
Axes           | 2 |  2.1
Fighting       | |  3.5
Armour         | |  2.8
Dodging        | |  0.3
Shields        | |  2.9

Action                   || total
-------------------------++-------
Melee: War axe           ||    33
Armor: Scale mail        ||     9
Dodge: Dodged            ||     9
Block: Buckler           ||     3

Table legend: (Time is in decaauts)
 A = Elapsed time spent in this place.
 B = Non-inter-level travel time spent in this place.
 C = Inter-level travel time spent in this place.
 D = Time resting spent in this place.
 E = Time spent auto-exploring this place.
 F = Levels seen in this place.
 G = Mean time per level.
                   A        B        C        D        E       F      G
               +--------+--------+--------+--------+--------+-----+--------+
         Total |    664 |    656 |      8 |      0 |    548 |   2 |  332.0 |
       Dungeon |    664 |    656 |      8 |      0 |    548 |   2 |  332.0 |
               +--------+--------+--------+--------+--------+-----+--------+

Top non-repeatable levels by time:
     D:1: 651 daAuts
     D:2: 13 daAuts
